 Dungeon Crawl Stone Soup version 0.21.0 (webtiles) character file.

71 Clarigatio the Sneak (level 4, 0/25 HPs)
             Began as a Kobold Enchanter on Apr 4, 2018.
             Succumbed to an adder's poison
             ... on level 2 of the Dungeon.
             The game lasted 00:23:00 (1969 turns).

Clarigatio the Sneak (Kobold Enchanter)             Turns: 1969, Time: 00:23:01

Health: 0/25       AC:  2    Str:  5    XL:     4   Next: 47%
Magic:  8/8        EV: 15    Int: 16    God:
Gold:   76         SH:  0    Dex: 16    Spells: 2/8 levels left

rFire    . . .     SeeInvis .   a - +1 dagger
rCold    . . .     Gourm    .   (shield restricted)
rNeg     . . .     Faith    .   b - +0 robe
rPois    +         Spirit   .   (no helmet)
rElec    .         Reflect  .   (no cloak)
rCorr    .         Harm     .   (no gloves)
MR       .....                  (no boots)
Stlth    +++.......             (no amulet)
HPRegen  0.08/turn              r - ring of flight
MPRegen  0.11/turn              p - ring of poison resistance

@: lethally poisoned (0 -> -3)
A: small, carnivore
a: Evoke Flight


You were on level 2 of the Dungeon.
You were completely stuffed.

You visited 1 branch of the dungeon, and saw 2 of its levels.

You collected 76 gold pieces.

Inventory:

Hand Weapons
 a - a +1 dagger (weapon)
 n - a +0 short sword
Missiles
 f - 90 stones (quivered)
 g - 27 arrows
 h - 2 poisoned needles
 j - 22 sling bullets
 k - 61 bolts
Armour
 b - a +0 robe (worn)
Jewellery
 p - a ring of poison resistance (right hand)
 r - a ring of flight (left hand)
Scrolls
 e - 3 scrolls of identify
 i - a scroll of blinking {unknown}
 m - a scroll of remove curse {unknown}
 o - a scroll of amnesia {unknown}
Potions
 l - a potion of lignification {unknown}
 s - a potion of might {unknown}
Books
 c - a book of Maledictions

   Spells                             Type                      Level
   a - Corona                         Hexes                        1
   b - Ensorcelled Hibernation        Hexes/Ice                    2
   c - Confuse                        Hexes                        3
   d - Tukima's Dance                 Hexes                        3
   e - Dazzling Spray                 Conjuration/Hexes            3
Comestibles
 d - 6 rations
 q - 4 chunks of flesh


   Skills:
 + Level 1.0 Fighting
 + Level 2.7 Short Blades
 + Level 2.7 Dodging
 + Level 4.7 Stealth
 + Level 2.6 Spellcasting
 + Level 3.4 Hexes
 + Level 0.3 Ice Magic


You had 2 spell levels left.
You knew the following spells:

 Your Spells              Type           Power        Failure   Level  Hunger
a - Corona                Hex            ##.....      4%          1    #......
b - Ensorcelled Hibernat  Hex/Ice        #.....       14%         2    ##.....
c - Tukima's Dance        Hex            ##......     14%         3    ###....


Dungeon Overview and Level Annotations

Branches:
Dungeon (2/15)

Altars:


Innate Abilities, Weirdness & Mutations

You are small and have problems with some larger weapons.
You are carnivorous and can eat meat at any time.


Message History

The adder is severely wounded.
The adder bites you.
You barely miss the adder.
The adder is severely wounded.
You feel sick. The adder bites you.
* * * LOW HITPOINT WARNING * * *
You see here 3 scrolls labeled SAKOC TOQI.
The adder misses you.
You feel sick.
The adder stops glowing.
The adder barely misses you.
You feel sick. The adder barely misses you.
You feel sick. The adder bites you.
* * * LOW HITPOINT WARNING * * *
Okay, then.
Okay, then.
You barely miss the adder.
The adder is severely wounded.
You die...

+....#.?.....####
+............#
+...........<#
#..#..##..#....
#..#..#..##..... #..#....##
####.. #..#.#### #.
######### ######..#.#
##.......###....@S.#.# ...#
#......#####.#.# .# #.######
#...# ## #.# ######.#######
# ####.#######.............
####............####.#######
.......######## #..#
...##### ##.# #### #.#


You could see an adder.

Vanquished Creatures
  2 adders (D:2)
  3 worms (D:2)
  4 leopard geckos
  A ball python (D:1)
  4 bats (D:1)
  A giant cockroach (D:2)
  2 goblins (D:1)
  8 hobgoblins
  4 jackals (D:1)
  2 kobolds
  2 frilled lizards (D:1)
  5 rats
38 creatures vanquished.

Vanquished Creatures (others)
  A dancing weapon (D:2)
  12 toadstools (D:2)
13 creatures vanquished.

Grand Total: 51 creatures vanquished

Notes
Turn   | Place    | Note
-------+----------+-------------------------------------------
     0 | D:1      | Clarigatio the Kobold Enchanter began the quest for the Orb.
     0 | D:1      | Reached XP level 1. HP: 10/10 MP: 3/3
   147 | D:1      | Reached XP level 2. HP: 7/16 MP: 3/5
   172 | D:1      | Learned a level 2 spell: Ensorcelled Hibernation
   752 | D:1      | Reached XP level 3. HP: 8/20 MP: 4/6
  1061 | D:1      | Learned a level 3 spell: Tukima's Dance
  1544 | D:2      | Reached skill level 1 in Fighting
  1825 | D:2      | Reached XP level 4. HP: 21/25 MP: 7/7
  1967 | D:2      | HP: 1/25 [adder (3)]
  1969 | D:2      | Succumbed to an adder's poison

Skill      XL: |  1  2  3 |
---------------+----------+-----
Fighting       | 1 |  1.0
Short Blades   | 2 |  2.7
Dodging        | |  2.7
Stealth        | |  4.7
Spellcasting   | |  2.6
Hexes          | |  3.4
Ice Magic      | |  0.3

Action                   |  1- 3 |  4- 6 || total
-------------------------+-------+-------++-------
Melee: Dagger            |   136 |    27 ||   163
Throw: Stone             |     1 |       ||     1
 Cast: Corona            |    11 |     2 ||    13
       Ensorcelled Hiber |     3 |     3 ||     6
       Tukima's Dance    |     3 |       ||     3
  Use: Potion            |     1 |       ||     1
       Scroll            |     2 |       ||     2
 Stab: Sleeping          |    10 |     3 ||    13
       Distracted        |     1 |       ||     1
  Eat: Chunk             |    10 |     3 ||    13
Armor: Robe              |    24 |     5 ||    29
Dodge: Dodged            |   123 |    16 ||   139
